 Dungeon Crawl Stone Soup version 0.31-a0-960-g0fca184906 (webtiles) character file.

Game seed: 14431318610806483701

10532 oufanbear the Cleaver (level 11, -2/102 HPs)
             Began as a Minotaur Berserker on Oct 23, 2023.
             Was an Elder of Trog.
             Slain by a yak (4 damage)
             ... on level 1 of the Lair of Beasts.
             The game lasted 00:21:19 (12267 turns).

oufanbear the Cleaver (Minotaur Berserker)         Turns: 12267, Time: 00:21:19

Health: -2/102     AC: 14    Str: 26    XL:     11   Next: 37%
Magic:  10/10      EV: 13    Int:  4    God:    Trog [****..]
Gold:   530        SH: 12    Dex: 10    Spells: 10/10 levels left

rFire   + . .        A - +3 hand axe
rCold   . . .        B - +0 tower shield
rNeg    . . .        k - +0 plate armour
rPois   .            (helmet restricted)
rElec   .            (no cloak)
rCorr   .            (no gloves)
SInv    .            (no boots)
Will    .....        (no amulet) Stlth
                     s - ring of protection from fire
HPRegen 0.37/turn    F - +5 ring of evasion
MPRegen 0.12/turn

%: no passive effects
@: on berserk cooldown, slowed, very slow
A: horns 2, retaliatory headbutt
a: Renounce Religion, Berserk, Trog's Hand, Brothers in Arms


You were on level 1 of the Lair of Beasts.
You worshipped Trog.
Trog was greatly pleased with you.
You visited 2 branches of the dungeon, and saw 10 of its levels.
You also visited: Sewer.

You collected 530 gold pieces.

Inventory:

Hand Weapons
 c - a +0 war axe
 A - a +3 hand axe (weapon)
 I - a +3 battleaxe of freezing
Missiles
 f - a throwing net
Armour
 k - a +0 plate armour (worn)
 B - a +0 tower shield (worn)
Jewellery
 s - a ring of protection from fire (left hand)
 t - a ring of magical power
 D - a ring of magical power
 F - a +5 ring of evasion (right hand)
 J - a ring of fire
Wands
 e - a wand of flame (67)
 v - a wand of light (9)
 C - a wand of paralysis (8)
Scrolls
 b - 6 scrolls of identify {unknown}
 h - 2 scrolls of vulnerability {unknown}
 i - 2 scrolls of revelation {unknown}
 j - a scroll of noise {unknown}
 m - 3 scrolls of teleportation {unknown}
 n - 2 scrolls of fog {unknown}
 q - 2 scrolls of amnesia {unknown}
 x - 2 scrolls of enchant weapon {unknown}
 y - a scroll of blinking {unknown}
 E - a scroll of poison {unknown}
 G - a scroll of butterflies {unknown}
 H - a scroll of immolation {unknown}
Potions
 a - 3 potions of curing
 d - a potion of ambrosia {unknown}
 g - 2 potions of haste {unknown}
 l - a potion of degeneration {unknown}
 o - a potion of experience {unknown}
 p - 2 potions of lignification {unknown}
 r - a potion of mutation {unknown}
 u - 2 potions of might
 w - a potion of berserk rage {unknown}
 z - a potion of resistance {unknown}


   Skills:
 + Level 11.1 Fighting
 + Level 11.1 Axes
 + Level 10.7 Armour
 + Level 9.9 Dodging
 + Level 5.5 Shields


You had 10 spell levels left.
You didn't know any spells.
Your spell library was empty.

Dungeon Overview and Level Annotations

Branches:
Dungeon (9/15)             Temple (0/1) D:5            Lair (1/5) D:8
  Sewer (visited)
    Orc: D:9-12

Altars:
Ashenzari
Dithmenos
Elyvilon
Gozag
Makhleb
Nemelex Xobeh
Okawaru
Qazlal
Vehumet
Wu Jian
Yredelemnul
Zin
The Shining One

Shops:
D:3 *

Annotations:
D:9 Gastronok


Innate Abilities, Weirdness & Mutations

You have a pair of horns on your head.
You reflexively headbutt those who attack you in melee.


Message History

The yak is severely wounded.
You closely miss the yak. You hit the yak. You headbutt the yak!
You kill the yak!
Trog accepts your kill.
You hit the yak.
You are no longer berserk.
You are exhausted.
You feel yourself slow down. The yak gores you!
You closely miss the yak. You headbutt the yak, but do no damage.
You closely miss the yak. You block the yak's attack.
The yak barely misses you.
You hit the yak.
The yak is lightly wounded.
You barely miss the yak. The yak gores you but does no damage.
You block the yak's attack. The yak closely misses you. The yak gores you.
You slash the yak!
The yak is heavily wounded.
You hit the yak. The yak barely misses you. You furiously retaliate!
You headbutt the yak. The yak gores you!
* * * LOW HITPOINT WARNING * * *
You barely miss the yak.
The yak is heavily wounded.
You hit the yak.
You block the yak's attack. x2; The yak barely misses you.
The yak gores you!
* * * LOW HITPOINT WARNING * * *
You slash the yak!
The yak is almost dead.
You barely miss the yak. The yak gores you!
* * * LOW HITPOINT WARNING * * *
The yak gores you but does no damage.
You hit the yak. You headbutt the yak!
You kill the yak!
Trog accepts your kill.
You hit the yak. You block the yak's attack. The yak gores you!
* * * LOW HITPOINT WARNING * * *
You hit the yak.
The yak is severely wounded.
The yak gores you.
You die...

#...P....#.#....##
..#............#?....#
.#.#...##.....#..P...
#.....#.##.......##.##
#.#...#.##.#.#...# .#
#.#.P.#....#.#...##.#
#.....#.P#.#......#.#
#.#.....##...#†Y.#..#..#
#.......##.#..@†........
#.....#....#.....##.#...
#.....#.#..#.....##.# ..
#.....#.##.....#..# . #
##.....#.##.#.#.#.......#
#..#........#.#.#.....#..>
##.#...#....#.#......##
#...P...##.#...#.....
##...P....P.. .........


You could see a yak.

Vanquished Creatures
  3 death yaks (D:8)
  The ghost of JaaP the Fighter, a novice MiFi of Trog (D:7)
  A deep elf zephyrmancer (D:7)
  5 cane toads (Lair:1)
  Grinder (D:3)
  Sigmund (D:2)
  A shadow (D:9)
  5 yaks
  Grum (D:8)
  3 water moccasins
  An acid dragon (D:6)
  Pargi (Sewer)
  2 ice beasts (D:6)
  2 sky beasts
  2 ogres (D:5)
  5 black bears
  An orc warrior (D:8)
  3 wolves
  A centaur (D:7)
  3 bullfrogs
  6 scorpions
  6 wights (D:7)
  5 howler monkeys
  5 orc priests
  4 jellies
  2 sleepcaps
  A gnoll bouda (D:7)
  7 hounds
  Jessica (D:3)
  8 orc wizards
  Terence (D:2)
  6 iguanas
  15 gnolls
  8 adders
  2 shadow imps
  4 ufetubi
  5 worms
  4 dart slugs
  30 orcs
  8 endoplasms
  5 giant cockroaches
  4 goblins
  5 hobgoblins
  2 jackals (D:1)
  10 kobolds
  2 quokkas (D:4)
  11 ball pythons
  8 bats
  7 frilled lizards
  6 rats
  A spectral orc (D:3)
232 creatures vanquished.

Vanquished Creatures (collateral kills)
  A catoblepas (Lair:1)
  A yak (Lair:1)
2 creatures vanquished.

Grand Total: 234 creatures vanquished

Notes
Turn   | Place    | Note
-------+----------+-------------------------------------------
     0 | D:1      | oufanbear the Minotaur Berserker began the quest for the
                  | Orb.
     0 | D:1      | Reached XP level 1. HP: 19/19 MP: 0/0
   151 | D:1      | Reached XP level 2. HP: 22/27 MP: 1/1
   371 | D:1      | Reached ** piety under Trog
   373 | D:1      | Reached XP level 3. HP: 22/33 MP: 2/2
   792 | D:2      | Noticed Terence
   807 | D:2      | Killed Terence
   808 | D:2      | Reached XP level 4. HP: 2/41 MP: 3/3
  1155 | D:2      | Noticed Sigmund
  1172 | D:2      | Killed Sigmund
  1173 | D:2      | Reached skill level 5 in Fighting
  1173 | D:2      | Reached skill level 5 in Axes
  1173 | D:2      | Reached XP level 5. HP: 33/48 MP: 4/4
  1414 | D:2      | Found a faded altar of an unknown god.
  1704 | D:3      | Noticed Grinder
  1717 | D:3      | Killed Grinder
  1718 | D:3      | Reached XP level 6. HP: 45/56 MP: 5/5
  1928 | D:3      | Noticed Jessica
  1934 | D:3      | Killed Jessica
  1942 | D:3      | Reached XP level 7. HP: 56/62 MP: 6/6
  1990 | D:3      | Found a sparkling altar of Nemelex Xobeh.
  2004 | D:3      | Reached skill level 5 in Armour
  2249 | D:3      | Found a basalt altar of Yredelemnul.
  2346 | D:3      | Found Emmeti's Assorted Antiques.
  2625 | D:4      | Reached *** piety under Trog
  2672 | D:4      | Reached skill level 5 in Dodging
  2677 | D:4      | HP: 3/63 [poisoned by an orc]
  3454 | D:5      | Entered Level 5 of the Dungeon
  3783 | D:5      | Reached XP level 8. HP: 45/71 MP: 7/7
  4074 | D:5      | Found a glowing drain.
  4078 | Sewer    | Entered a sewer
  4093 | Sewer    | Noticed Pargi
  4099 | Sewer    | Killed Pargi
  4185 | Sewer    | Reached **** piety under Trog
  4407 | D:5      | Found a staircase to the Ecumenical Temple.
  5074 | D:6      | Found a broken altar of Ashenzari.
  5461 | D:6      | Reached XP level 9. HP: 69/81 MP: 8/8
  6699 | D:7      | Found a stormy altar of Qazlal.
  7188 | D:7      | Found a glowing silver altar of Zin.
  7363 | D:7      | Noticed JaaP's ghost (novice MiFi)
  7420 | D:7      | Found a runed translucent gate.
  7420 | D:7      | Found a runed translucent gate.
  7420 | D:7      | Found a runed translucent gate.
  7474 | D:7      | Reached ***** piety under Trog
  7675 | D:7      | Found an opulent altar of Gozag.
  7802 | D:7      | Noticed a deep elf zephyrmancer
  7817 | D:7      | Killed a deep elf zephyrmancer
  7818 | D:7      | Reached XP level 10. HP: 10/91 MP: 9/9
  8414 | D:8      | Noticed a death yak
  8414 | D:8      | Found a staircase to the Lair.
  8523 | D:8      | Noticed Grum
  8534 | D:8      | Killed Grum
  8554 | D:9      | Reached skill level 1 in Shields
  8997 | D:8      | Noticed a death yak
  9089 | D:8      | Noticed a death yak
  9116 | D:8      | Killed a death yak
  9130 | D:8      | Killed a death yak
  9131 | D:8      | Reached skill level 10 in Fighting
  9131 | D:8      | Reached skill level 10 in Axes
  9494 | D:8      | Killed a death yak
  9618 | D:8      | Reached skill level 10 in Armour
  9698 | D:8      | Paralysed by an orc for 5 turns
  9805 | D:8      | Found a glowing golden altar of the Shining One.
 10388 | D:8      | Found a burning altar of Makhleb.
 10397 | D:8      | Found a white marble altar of Elyvilon.
 10397 | D:8      | Found an ornate altar of the Wu Jian Council.
 10398 | D:8      | Found a radiant altar of Vehumet.
 10401 | D:8      | Found an iron altar of Okawaru.
 10575 | D:9      | HP: 1/94 [shadow (5)]
 10973 | D:9      | Found a shadowy altar of Dithmenos.
 11081 | D:9      | Noticed Gastronok
 11235 | D:7      | Killed JaaP's ghost
 11236 | D:7      | Reached XP level 11. HP: 95/101 MP: 10/10
 11489 | Gauntlet | Identified the "Jeqa"
 11489 | Lair:1   | Identified the "Cuntyses"
 11489 | Lair:1   | Entered Level 1 of the Lair of Beasts
 11694 | Lair:1   | Reached skill level 5 in Shields
 12224 | Lair:1   | Noticed a catoblepas
 12249 | Lair:1   | Killed a catoblepas
 12266 | Lair:1   | HP: 2/102 [yak (8)]
 12267 | Lair:1   | Slain by a yak

Illustrated notes

Levels and vault maps discovered:
D:1:      tarquinn_simple_flora_water_e, layout_rooms, minmay_split_cup_large
D:2:      layout_basic, ebering_ecumenical_altar_box, uniq_terence, uniq_sigmund
D:3:      layout_loops_ring, yredelemnul_forgotten_temple_becter,
          mainiacjoe_overflow_alcove_1, serial_shops, nicolae_shop_behind_doors,
          uniq_grinder, uniq_jessica
D:4:      layout_loops_ring
D:5:      layout_loops_ring, minmay_temple_entry_from_below_a,
          mainiacjoe_sewer_entry_somewhere_in_here_2, minmay_manual_mullet
D:6:      layout_cave_pods, cheibrodos_ashenzari_chains, minmay_fountain_box,
          minmay_divided_ellipse
D:7:      layout_basic, nicolae_gozag_cash_rules_everything_around_me,
          lemuel_tele_altar, mainiacjoe_overflow_small_starburst,
          gammafunk_ghost_split, guppyfry_early_elven_hall
D:8:      layout_loops_ring, nicolae_overflow_hidden_temple, minitemple,
          dpeg_lair_monsters, uniq_grum
D:9:      layout_rooms, mainiacjoe_overflow_concentric_impassable,
          hiddenorc2_lemuel, uniq_gastronok
Lair:1:   gammafunk_cloud_chamber, layout_long_grid,
          chequers_serial_rivers_marsh, lemuel_old_faithful, grunt_megastairs_5,
          infiniplex_staircase_pool_2

Skill      XL: |  1  2  3  4  5  6  7  8  9 10 11 |
---------------+----------------------------------+-----
Fighting       | 4 5 6 7 9 10 11 | 11.1
Axes           | 4 5 6 7 9 10 11 | 11.1
Armour         | 3 4 5 7 9 10 | 10.7
Dodging        | 3 4 5 6 8 9 |  9.9
Shields        | 4 5 |  5.5

Action                     |  1- 3 |  4- 6 |  7- 9 | 10-12 || total
---------------------------+-------+-------+-------+-------++-------
  Melee: Hand axe          |    78 |    48 |   133 |   225 ||   484
         Headbutt          |    11 |    10 |    65 |    46 ||   132
         Punch             |       |       |     1 |       ||     1
         War axe           |       |       |   242 |       ||   242
 Invoke: Berserk           |       |     1 |       |     4 ||     5
         Trog's Hand       |       |       |       |     1 ||     1
         Brothers in Arms  |       |       |       |     1 ||     1
    Use: Potion            |       |       |     4 |     2 ||     6
   Stab: Sleeping          |     1 |       |       |       ||     1
         Petrified         |       |       |       |     2 ||     2
 Armour: Leather armour    |    36 |       |       |       ||    36
         Animal skin       |     5 |       |       |       ||     5
         Plate armour      |    13 |    36 |   386 |   148 ||   583
  Dodge: Dodged            |    49 |    25 |   179 |    54 ||   307
  Block: Tower shield      |       |       |       |   105 ||   105

Table legend: (Time is in decaauts)
 A = Elapsed time spent in this place.
 B = Non-inter-level travel time spent in this place.
 C = Inter-level travel time spent in this place.
 D = Time resting spent in this place.
 E = Time spent auto-exploring this place.
 F = Levels seen in this place.
 G = Mean time per level.
                   A        B        C        D        E       F      G
               +--------+--------+--------+--------+--------+-----+--------+
         Total |  12378 |  11455 |    923 |   4480 |   5445 |  11 | 1125.3 |
       Dungeon |  11432 |  10512 |    920 |   3957 |   5206 |   9 | 1270.2 |
          Lair |    779 |    776 |      3 |    523 |    121 |   1 |  779.0 |
         Sewer |    166 |    166 |      0 |      0 |    118 |   1 |  166.0 |
               +--------+--------+--------+--------+--------+-----+--------+

Top non-repeatable levels by time:
     D:7: 2155 daAuts
     D:6: 1834 daAuts
     D:8: 1750 daAuts
     D:5: 1307 daAuts
     D:2: 1107 daAuts
     D:4: 1077 daAuts
     D:9: 914 daAuts
  Lair:1: 779 daAuts
     D:3: 691 daAuts
     D:1: 593 daAuts
   Sewer: 166 daAuts
